Map: Central Protocol

Players

ALCAPARRED

  • Race: Terran Terran
  • League: Bronze

ImmortalZodd - Winner!

  • Race: Zerg Zerg
  • League: Silver

VOD

Have the link to the VOD?

Description

Time

  • Played on: Jan. 29, 2016, 4:56 p.m.
  • Length: 16:33
Show
View Real Time Build Order
Export as new Build Order

ALCAPARRED Terran 

Build Orders:  

Get SALT Encoding   

  12  0:04  SCV  
  13  0:18  Supply Depot  
  13  0:27  SCV  
  14  0:46  Barracks  
  14  0:49  Refinery  
  14  0:58  Supply Depot  
  14  0:59  SCV  
  15  1:11  SCV  
  16  1:23  SCV, Barracks  
  17  1:37  Supply Depot  
  17  1:46  Orbital Command  
  17  1:59  Refinery  
  17  2:06  Marine  
  18  2:12  Barracks Reactor  
  18  2:24  Marine  
  18  2:25  SCV  
  20  2:37  SCV, Factory  
  20  2:42  Marine  
  22  2:46  Engineering Bay  
  22  2:49  SCV  
  23  3:21  Factory Tech Lab  
  23  3:26  Terran Infantry Weapons Level 1  
  23  3:27  Marine x2  
  24  3:45  Marine x2  
  26  3:51  Siege Tank  
  29  4:00  Missile Turret  
  29  4:03  Marine x2  
  29  4:08  Starport  
  31  4:15  Armory  
  31  4:19  Barracks  
  31  4:20  Marine  
  31  4:21  Marine  
  33  4:36  Sensor Tower  
  33  4:38  Marine x2  
  33  4:45  Marine  
  36  4:51  SCV  
  37  5:03  SCV, Marine  
  39  5:11  Barracks Tech Lab  
  39  5:17  Starport Reactor  
  39  5:23  Supply Depot  
  39  5:28  Supply Depot  
  39  5:44  Marine  
  39  5:45  SCV, Siege Tank  
  44  5:55  Supply Depot  
  45  5:57  SCV  
  45  6:00  Missile Turret  
  45  6:01  Liberator  
  45  6:02  Terran Infantry Armor Level 1, Marine  
  46  6:12  Medivac  
  46  6:18  Supply Depot  
  51  6:20  Marine  
  51  6:24  Liberator  
  52  6:39  Factory  
  55  6:56  Command Center  
  55  7:20  Marine x4  
  59  7:37  Marine  
  59  7:38  Marine x3  
  49  8:39  Marine x3  
  49  8:40  Marine  
  10  8:57  Marine x3  
  10  9:15  Marine  
    14:10  Orbital Command  
    14:12  Marine  
  3  14:24  Widow Mine  
  3  14:30  Marine  
  2  15:01  SCV  
Show
View Real Time Build Order
Export as new Build Order

ImmortalZodd Zerg - Winner!

Build Orders: Hatch First 

Get SALT Encoding   

  12  0:08  Drone  
  12  0:09  Drone  
  14  0:23  Overlord  
  14  0:28  Drone, Extractor  
  15  0:54  Hatchery, Drone x2  
  16  1:01  Drone  
  17  1:07  Drone, Extractor  
  17  1:20  Spawning Pool  
  17  1:22  Drone  
  17  1:40  Drone x2  
  19  1:48  Overlord  
  19  1:59  Drone  
  20  2:09  Queen  
  20  2:10  Queen  
  24  2:17  Metabolic Boost  
  24  2:23  Drone x3  
  24  2:25  Zergling x2  
  28  2:30  Overlord  
  28  2:38  Drone x2  
  28  2:41  Drone  
  31  2:53  Drone x2  
  31  2:56  Queen  
  35  3:04  Drone x2  
  37  3:10  Drone  
  38  3:17  Drone  
  39  3:24  Hatchery  
  39  3:25  Drone x4  
  42  3:36  Drone x2  
  44  3:55  Spore Crawler  
  43  3:59  Spore Crawler  
  43  4:02  Roach Warren  
  41  4:04  Extractor  
  41  4:05  Zergling x6  
  41  4:06  Zergling x2  
  41  4:07  Extractor  
  41  4:09  Overlord x2  
  43  4:10  Overlord x3  
  43  4:20  Drone  
  44  4:32  Drone x3  
  47  4:38  Extractor  
  47  4:44  Lair  
  46  4:47  Roach x5  
  56  4:53  Evolution Chamber  
  56  4:56  Evolution Chamber  
  56  4:59  Roach x4  
  62  5:10  Drone x6  
  68  5:19  Roach x2  
  72  5:23  Zerg Missile Weapons Level 1  
  72  5:39  Drone  
  72  5:40  Drone x2  
  72  5:41  Roach x4  
  83  5:47  Roach x2  
  83  5:48  Roach  
  89  5:58  Zerg Ground Armor Level 1  
  89  6:04  Drone  
  89  6:05  Overlord x2  
  89  6:06  Overlord  
  92  6:25  Roach  
  92  6:26  Roach x7  
  106  6:34  Glial Reconstitution  
  106  6:36  Drone  
  106  6:37  Drone x5  
  112  6:40  Overlord  
  112  6:52  Spine Crawler  
  111  6:55  Roach  
  111  6:56  Spine Crawler  
  111  6:58  Overlord x3  
  112  7:05  Drone x3  
  112  7:06  Drone  
  116  7:13  Roach  
  116  7:14  Roach x2  
  122  7:20  Hydralisk Den, Roach  
  122  7:21  Roach  
  125  7:24  Roach x2  
  129  7:32  Roach x4  
  129  7:36  Drone x2  
  140  7:37  Drone  
  140  7:40  Roach  
  140  7:42  Roach  
  140  7:43  Roach  
  137  8:03  Roach x4  
  137  8:04  Overlord x3  
  145  8:19  Overlord x2  
  145  8:20  Overlord x2  
  122  8:35  Roach  
  122  8:36  Roach x4  
  122  8:37  Roach  
  120  8:52  Hydralisk x4  
  126  9:07  Hydralisk x4  
  134  9:23  Hydralisk x2  
  136  9:33  Hydralisk  
  138  9:52  Hydralisk  
  138  9:53  Hydralisk  
  142  10:31  Spire  
  141  11:09  Extractor  
  140  11:19  Extractor  
  139  11:44  Mutalisk  
  139  11:45  Mutalisk x4  
  149  11:57  Mutalisk  
  151  12:08  Mutalisk  
  153  12:52  Mutalisk  
  153  12:53  Mutalisk x2  
  159  13:30  Mutalisk  
  159  13:31  Mutalisk  
  163  14:22  Mutalisk x4  
  163  14:23  Mutalisk  
  173  15:02  Mutalisk  
  173  15:03  Mutalisk x6  
  187  15:34  Mutalisk x3  
  191  15:43  Mutalisk  
Tags
 
Add a new tag
Caveats
  • Supply blocks, unpowered buildings, or Contaminate may cause inaccurate times.
  • Supply counts are checked every 10 seconds.